| TOP OF THE 1ST |
|
Milwaukee Brewers batting - Pitching for Cleveland Spiders : RHP Rick Rhoden
|
|
Pitching: RHP Rick Rhoden
|
|
|
Batting: RHB Steve Sax
|
0-0: Bunted foul 0-1: Foul Ball, location: 2F 0-2: Foul Ball, location: 2F 0-2: DOUBLE (Line Drive, 9LM, EV 104.4 MPH)
|
|
Batting: LHB Von Hayes
|
0-0: Ball 1-0: Called Strike 1-1: Foul Ball, location: 2F 1-2: Foul Ball, location: 2F 1-2: Strikes out swinging
|
|
Batting: RHB Eric Davis
|
0-0: Called Strike 0-1: Swinging Strike 0-2: Ball 1-2: Strikes out looking
|
|
Batting: SHB Eddie Murray
|
0-0: Swinging Strike 0-1: Ball 1-1: Foul Ball, location: 2F 1-2: Ball 2-2: Hit by Pitch
|
|
Batting: LHB Al Oliver
|
0-0: Called Strike 0-1: Fly out, F8 (Flyball, 78D, EV 82.5 MPH)
|
| Top of the 1st over - 0 runs, 1 hit, 0 errors, 2 left on base; Milwaukee 0 - Cleveland 0 |
| BOTTOM OF THE 1ST |
|
Cleveland Spiders batting - Pitching for Milwaukee Brewers : LHP Gary Lucas
|
|
Pitching: LHP Gary Lucas
|
|
|
Batting: RHB Alan Trammell
|
0-0: Called Strike 0-1: Foul Ball, location: 2F 0-2: Ground out 4-3 (Groundball, 4, EV 100.6 MPH)
|
|
Batting: SHB Bump Wills
|
0-0: SINGLE (Line Drive, 89M, EV 103.8 MPH)
|
|
Batting: RHB Cressy Pratt
|
0-0: Called Strike 0-1: Ball 1-1: Ball 2-1: Foul Ball, location: 2F 2-2: Fielders Choice at 2nd, 4-6 (Groundball, 4S, EV 86.3 MPH)
|
|
Batting: RHB Clayton Elliott
|
0-0: Called Strike 0-1: Foul Ball, location: 2F 0-2: Fly out, F9 (Flyball, 9D, EV 104.4 MPH)
|
| Bottom of the 1st over - 0 runs, 1 hit, 0 errors, 1 left on base; Milwaukee 0 - Cleveland 0 |
| TOP OF THE 2ND |
|
Milwaukee Brewers batting - Pitching for Cleveland Spiders : RHP Rick Rhoden
|
|
Batting: RHB Thurman Munson
|
0-0: Called Strike 0-1: Ball 1-1: Ball 2-1: Ball 3-1: SINGLE (Flyball, 7S, EV 91.3 MPH)
|
|
Batting: RHB Mike Schmidt
|
0-0: Called Strike 0-1: Ball 1-1: Fly out, F9 (Flyball, 89S, EV 98.8 MPH)
|
|
Batting: RHB Ken Landreaux
|
0-0: Foul Ball, location: 2F 0-1: Fly out, F8 (Flyball, 8LXD, EV 101.3 MPH)
|
|
Batting: SHB Alfredo Griffin
|
0-0: Called Strike 0-1: Ground out 4-3 (Groundball, 13, EV 88.8 MPH)
|
| Top of the 2nd over - 0 runs, 1 hit, 0 errors, 1 left on base; Milwaukee 0 - Cleveland 0 |
| BOTTOM OF THE 2ND |
|
Cleveland Spiders batting - Pitching for Milwaukee Brewers : LHP Gary Lucas
|
|
Batting: SHB Salvador Perez
|
0-0: Foul Ball, location: 2F 0-1: Foul Ball, location: 2F 0-2: Ball 1-2: Ball 2-2: Ball 3-2: Strikes out swinging
|
|
Batting: RHB Tom Brunansky
|
0-0: Ball 1-0: SINGLE (Groundball, 6MD, EV 105.6 MPH)
|
|
Batting: RHB Kevin Bell
|
0-0: Ball 1-0: Ball 2-0: Ball 3-0: Called Strike 3-1: Fly out, F4 (Popup, 4, EV 75.0 MPH)
|
|
Batting: RHB Lance Parrish
|
0-0: Called Strike 0-1: Called Strike 0-2: Ball 1-2: Ground out 5-3 (Groundball, 56, EV 89.4 MPH)
|
| Bottom of the 2nd over - 0 runs, 1 hit, 0 errors, 1 left on base; Milwaukee 0 - Cleveland 0 |
| TOP OF THE 3RD |
|
Milwaukee Brewers batting - Pitching for Cleveland Spiders : RHP Rick Rhoden
|
|
Batting: RHB Steve Sax
|
0-0: Foul Ball, location: 2F 0-1: Foul Ball, location: 2F 0-2: Strikes out swinging
|
|
Batting: LHB Von Hayes
|
0-0: Called Strike 0-1: Reached on error, E6 (Groundball, 6, EV 90.6 MPH)
|
|
Batting: RHB Eric Davis
|
0-0: Called Strike Von Hayes steals 3rd base 0-1: Foul Ball, location: 2F 0-2: Strikes out looking
|
|
Batting: SHB Eddie Murray
|
0-0: Called Strike 0-1: Ball 1-1: Ball 2-1: Foul Ball, location: 2F 2-2: SINGLE (Line Drive, 7S, EV 100.6 MPH) Von Hayes scores
|
|
Batting: LHB Al Oliver
|
0-0: Called Strike 0-1: Ball 1-1: Ball 2-1: Swinging Strike 2-2: Ball 3-2: Ground out 6-3 (Groundball, 56, EV 111.3 MPH)
|
| Top of the 3rd over - 1 run, 1 hit, 1 error, 1 left on base; Milwaukee 1 - Cleveland 0 |
| BOTTOM OF THE 3RD |
|
Cleveland Spiders batting - Pitching for Milwaukee Brewers : LHP Gary Lucas
|
|
Batting: RHB Jesse Barfield
|
0-0: Called Strike 0-1: Ball 1-1: Called Strike 1-2: Fly out, F8 (Flyball, 89D, EV 97.5 MPH)
|
|
Batting: RHB Alan Trammell
|
0-0: SINGLE (Groundball, 34D, EV 106.9 MPH)
|
|
Batting: SHB Bump Wills
|
0-0: Ball 1-0: Ball 2-0: Ball 3-0: Called Strike 3-1: Base on Balls Alan Trammell to second
|
|
Batting: RHB Cressy Pratt
|
0-0: Fielders Choice at 2nd, 1-6 (Groundball, 13S, EV 62.5 MPH) Alan Trammell to third
|
|
Batting: RHB Clayton Elliott
|
0-0: Foul Ball, location: 2F 0-1: Foul Ball, location: 2F 0-2: Ball 1-2: Foul Ball, location: 2F 1-2: Fielders Choice at 2nd, 6-4 (Groundball, 6, EV 84.4 MPH)
|
| Bottom of the 3rd over - 0 runs, 1 hit, 0 errors, 2 left on base; Milwaukee 1 - Cleveland 0 |
| TOP OF THE 4TH |
|
Milwaukee Brewers batting - Pitching for Cleveland Spiders : RHP Rick Rhoden
|
|
Batting: RHB Thurman Munson
|
0-0: Foul Ball, location: 2F 0-1: Fly out, F9 (Flyball, 89S, EV 83.8 MPH)
|
|
Batting: RHB Mike Schmidt
|
0-0: Called Strike 0-1: Called Strike 0-2: Ball 1-2: Strikes out swinging
|
|
Batting: RHB Ken Landreaux
|
0-0: Foul Ball, location: 2F 0-1: Ball 1-1: Ball 2-1: Foul Ball, location: 2F 2-2: Fly out, F6 (Popup, P, EV 71.3 MPH)
|
| Top of the 4th over - 0 runs, 0 hits, 0 errors, 0 left on base; Milwaukee 1 - Cleveland 0 |
| BOTTOM OF THE 4TH |
|
Cleveland Spiders batting - Pitching for Milwaukee Brewers : LHP Gary Lucas
|
|
Batting: SHB Salvador Perez
|
0-0: Swinging Strike 0-1: Ground out 5-3 (Groundball, 56, EV 93.8 MPH)
|
|
Batting: RHB Tom Brunansky
|
0-0: Bunt for hit to 25 - play at first, batter OUT! 5-3
|
|
Batting: RHB Kevin Bell
|
0-0: Ball 1-0: Ground out 5-3 (Groundball, 56S, EV 68.1 MPH)
|
| Bottom of the 4th over - 0 runs, 0 hits, 0 errors, 0 left on base; Milwaukee 1 - Cleveland 0 |
| TOP OF THE 5TH |
|
Milwaukee Brewers batting - Pitching for Cleveland Spiders : RHP Rick Rhoden
|
|
Batting: SHB Alfredo Griffin
|
0-0: Ball 1-0: Called Strike 1-1: Ball 2-1: Foul Ball, location: 2F 2-2: Ground out 4-3 (Groundball, 4, EV 84.4 MPH)
|
|
Batting: RHB Steve Sax
|
0-0: Called Strike 0-1: Swinging Strike 0-2: Foul Ball, location: 2F 0-2: Ground out 5-3 (Groundball, 56S, EV 88.1 MPH)
|
|
Batting: LHB Von Hayes
|
0-0: Ball 1-0: Ball 2-0: Foul Ball, location: 2F 2-1: Ground out 6-3 (Groundball, 6M, EV 79.4 MPH)
|
| Top of the 5th over - 0 runs, 0 hits, 0 errors, 0 left on base; Milwaukee 1 - Cleveland 0 |
| BOTTOM OF THE 5TH |
|
Cleveland Spiders batting - Pitching for Milwaukee Brewers : LHP Gary Lucas
|
|
Batting: RHB Lance Parrish
|
0-0: Ball 1-0: Foul Ball, location: 2F 1-1: Foul Ball, location: 2F 1-2: Foul Ball, location: 2F 1-2: Foul Ball, location: 2F 1-2: DOUBLE (Line Drive, 78D, EV 106.9 MPH)
|
|
Batting: RHB Jesse Barfield
|
0-0: Foul Ball, location: 2F 0-1: Fly out, F9 (Flyball, 9D, EV 104.4 MPH) Runner from 2nd tags up, SAFE at 3rd, no throw by RF
|
|
Batting: RHB Alan Trammell
|
0-0: Called Strike 0-1: Swinging Strike 0-2: Ball 1-2: Ball 2-2: Foul Ball, location: 2F 2-2: Strikes out swinging
|
|
Batting: SHB Bump Wills
|
0-0: Ball 1-0: Ball 2-0: Ball 3-0: Called Strike 3-1: Called Strike 3-2: Ground out 3-1 (Groundball, 34, EV 81.9 MPH)
|
| Bottom of the 5th over - 0 runs, 1 hit, 0 errors, 1 left on base; Milwaukee 1 - Cleveland 0 |
| TOP OF THE 6TH |
|
Milwaukee Brewers batting - Pitching for Cleveland Spiders : RHP Rick Rhoden
|
|
Batting: RHB Eric Davis
|
0-0: Ball 1-0: Called Strike 1-1: Swinging Strike 1-2: Foul Ball, location: 2F 1-2: Strikes out swinging
|
|
Batting: SHB Eddie Murray
|
0-0: Swinging Strike 0-1: Called Strike 0-2: Fly out, F7 (Flyball, 78D, EV 94.4 MPH)
|
|
Batting: LHB Al Oliver
|
0-0: Ball 1-0: Called Strike 1-1: Ground out 4-3 (Groundball, 4, EV 90.6 MPH)
|
| Top of the 6th over - 0 runs, 0 hits, 0 errors, 0 left on base; Milwaukee 1 - Cleveland 0 |
| BOTTOM OF THE 6TH |
|
Cleveland Spiders batting - Pitching for Milwaukee Brewers : LHP Gary Lucas
|
|
Batting: RHB Cressy Pratt
|
0-0: Foul Ball, location: 2F 0-1: Ball 1-1: Swinging Strike 1-2: Ball 2-2: Ball 3-2: Strikes out swinging
|
|
Batting: RHB Clayton Elliott
|
0-0: Swinging Strike 0-1: Ball 1-1: Ball 2-1: Called Strike 2-2: Strikes out swinging, 2-3 out at first.
|
|
Batting: SHB Salvador Perez
|
0-0: Ball 1-0: Ground out 6-3 (Groundball, 6M, EV 100.0 MPH)
|
| Bottom of the 6th over - 0 runs, 0 hits, 0 errors, 0 left on base; Milwaukee 1 - Cleveland 0 |
| TOP OF THE 7TH |
|
Milwaukee Brewers batting - Pitching for Cleveland Spiders : RHP Rick Rhoden
|
|
Batting: RHB Thurman Munson
|
0-0: Fly out, F7 (Flyball, 7LS, EV 91.3 MPH)
|
|
Batting: RHB Mike Schmidt
|
0-0: Ball 1-0: Called Strike 1-1: SINGLE (Flyball, 34D, EV 85.6 MPH)
|
|
Batting: RHB Ken Landreaux
|
0-0: Ball 1-0: Ground out 5-3 (Groundball, 56S, EV 67.5 MPH) Mike Schmidt to second
|
|
Batting: SHB Alfredo Griffin
|
0-0: Called Strike 0-1: Ball 1-1: Ball 2-1: Ground out 6-3 (Groundball, 6MD, EV 107.5 MPH)
|
| Top of the 7th over - 0 runs, 1 hit, 0 errors, 1 left on base; Milwaukee 1 - Cleveland 0 |
| BOTTOM OF THE 7TH |
|
Cleveland Spiders batting - Pitching for Milwaukee Brewers : LHP Gary Lucas
|
|
Batting: RHB Tom Brunansky
|
0-0: Called Strike 0-1: SINGLE (Flyball, 3D, EV 96.9 MPH)
|
|
Batting: RHB Kevin Bell
|
0-0: Ball 1-0: Swinging Strike 1-1: SINGLE (Groundball, 3D, EV 96.9 MPH) Tom Brunansky to second Runner from 2nd tries for 3rd, SAFE, throw by RF made to third
|
|
Batting: RHB Lance Parrish
|
0-0: Ball 1-0: Ball 2-0: Ball 3-0: Fly out, F7 (Flyball, 7, EV 80.6 MPH) Runner from 3rd tags up, SCORES, throw by LF
|
|
Batting: RHB Jesse Barfield
|
0-0: Ball 1-0: Ball 2-0: Called Strike 2-1: Ball 3-1: Called Strike 3-2: Fly out, F2 (Popup, 23F, EV 83.1 MPH)
|
|
Batting: RHB Alan Trammell
|
0-0: Ball 1-0: Called Strike 1-1: Ball 2-1: SINGLE (Groundball, 56D, EV 103.8 MPH) (infield hit) Kevin Bell to second
|
|
Batting: SHB Bump Wills
|
0-0: SINGLE (Groundball, 4D, EV 100.6 MPH) Kevin Bell to third Alan Trammell to second Runner from 3rd tries for Home, SAFE, throw by RF to home
|
|
Batting: RHB Cressy Pratt
|
0-0: Reached on error, E6 (Groundball, 6, EV 103.1 MPH) Alan Trammell to third Bump Wills to second
|
|
Batting: RHB Clayton Elliott
|
0-0: Foul Ball, location: 2F 0-1: Foul Ball, location: 2F 0-2: Ball 1-2: Ball 2-2: Foul Ball, location: 2F 2-2: Ball 3-2: Ground out 6-3 (Groundball, 6S, EV 66.9 MPH)
|
| Bottom of the 7th over - 2 runs, 4 hits, 1 error, 3 left on base; Milwaukee 1 - Cleveland 2 |
| TOP OF THE 8TH |
|
Milwaukee Brewers batting - Pitching for Cleveland Spiders : RHP Rick Rhoden
|
|
Batting: RHB Steve Sax
|
0-0: Ball 1-0: Ground out 6-3 (Groundball, 56, EV 91.9 MPH)
|
|
Batting: LHB Von Hayes
|
0-0: Called Strike 0-1: Fly out, F5 (Popup, 56, EV 63.8 MPH)
|
|
Batting: RHB Eric Davis
|
0-0: Ground out 4-3 (Groundball, 4, EV 106.9 MPH)
|
| Top of the 8th over - 0 runs, 0 hits, 0 errors, 0 left on base; Milwaukee 1 - Cleveland 2 |
| BOTTOM OF THE 8TH |
|
Cleveland Spiders batting - Pitching for Milwaukee Brewers : LHP Gary Lucas
|
|
Batting: SHB Salvador Perez
|
0-0: Ball 1-0: Ground out 6-3 (Groundball, 6M, EV 79.4 MPH)
|
|
Batting: RHB Tom Brunansky
|
0-0: Ball 1-0: Ball 2-0: Ball 3-0: Called Strike 3-1: Base on Balls
|
|
Pitching: RHP Carlos Martinez
|
|
|
Batting: RHB Kevin Bell
|
0-0: Called Strike 0-1: Swinging Strike 0-2: Reached on error, E4 (Groundball, 4, EV 107.5 MPH) Tom Brunansky to second
|
|
Batting: RHB Lance Parrish
|
0-0: Ball 1-0: Fly out, F8 (Line Drive, 8LD, EV 98.8 MPH)
|
|
Batting: RHB Jesse Barfield
|
0-0: Ball 1-0: Foul Ball, location: 2F 1-1: Fly out, F7 (Flyball, 78D, EV 78.8 MPH)
|
| Bottom of the 8th over - 0 runs, 0 hits, 1 error, 2 left on base; Milwaukee 1 - Cleveland 2 |
| TOP OF THE 9TH |
|
Milwaukee Brewers batting - Pitching for Cleveland Spiders : RHP Rick Rhoden
|
|
Now in LF: Jordan Ventura
|
|
|
Batting: SHB Eddie Murray
|
0-0: Called Strike 0-1: Foul Ball, location: 2F 0-2: Ball 1-2: Fly out, F7 (Flyball, 7LS, EV 97.5 MPH)
|
|
Batting: LHB Al Oliver
|
0-0: Foul Ball, location: 2F 0-1: Ball 1-1: Ball 2-1: Foul Ball, location: 2F 2-2: Hit by Pitch
|
|
Pitching: RHP Omar Huaman
|
|
|
Batting: RHB Thurman Munson
|
0-0: Foul Ball, location: 2F 0-1: Called Strike 0-2: Foul Ball, location: 2F 0-2: Ball 1-2: DOUBLE (Line Drive, 8RXD, EV 112.5 MPH) Al Oliver to third Runner from 3rd tries for Home, SAFE, throw by CF to home
|
|
Batting: RHB Mike Schmidt
|
0-0: Intentional Walk
|
|
Batting: RHB Ken Landreaux
|
0-0: Swinging Strike 0-1: Foul Ball, location: 2F 0-2: Strikes out swinging
|
|
Pinch Hitting: LHB Denny Walling
|
0-0: Ball 1-0: Ball 2-0: Foul Ball, location: 2F 2-1: Ground out 3-1 (Groundball, 34, EV 85.0 MPH)
|
| Top of the 9th over - 1 run, 1 hit, 0 errors, 2 left on base; Milwaukee 2 - Cleveland 2 |
| BOTTOM OF THE 9TH |
|
Cleveland Spiders batting - Pitching for Milwaukee Brewers : RHP Carlos Martinez
|
|
Now at 3B: Brian J Giles
|
|
|
Batting: RHB Alan Trammell
|
0-0: Ground out U3 (Groundball, 34S, EV 93.1 MPH)
|
|
Batting: SHB Bump Wills
|
0-0: Ball 1-0: Ground out 5-3 (Groundball, 5L, EV 84.4 MPH)
|
|
Pinch Hitting: RHB Randy Elliott
|
0-0: Foul Ball, location: 2F 0-1: SINGLE (Groundball, 6MD, EV 103.8 MPH)
|
|
Batting: RHB Clayton Elliott
|
0-0: Ball 1-0: Ball 2-0: Ball 3-0: Base on Balls Randy Elliott to second
|
|
Batting: SHB Salvador Perez
|
0-0: Called Strike 0-1: 3-RUN HOME RUN (Flyball, 89XD, EV 109.4 MPH), Distance : 430 ft
|
| Bottom of the 9th over - 3 runs, 2 hits, 0 errors, 0 left on base; Milwaukee 2 - Cleveland 5 |
|